 Dungeon Crawl Stone Soup version 0.32-a0-909-gc671339a80 (webtiles) character file.

Game seed: 16065178503278129321

4652 601d51SH the Spear-Bearer (level 10, -11/82 HPs)
             Began as a Gnoll Cinder Acolyte on Apr 6, 2024.
             Was a Believer of Ignis.
             Mangled by a boulder beetle (14 damage)
             ... on level 8 of the Dungeon.
             The game lasted 00:23:37 (9492 turns).

601d51SH the Spear-Bearer (Gnoll Cinder Acolyte)    Turns: 9492, Time: 00:23:38

Health: -11/82     AC: 11    Str: 22    XL:     10   Next: 43%
Magic:  19/19      EV: 11    Int: 15    God:    Ignis [**....]
Gold:   751        SH:  0    Dex:  8    Spells: 15/21 levels left

rFire   + . .        b - +6 war axe of Guikhlek {flame, +Blink Fly Stlth-}
rCold   . . .        (no shield)
rNeg    + . .        J - +2 leather armour {Will+}
rPois   .            y - +0 helmet
rElec   .            P - +0 cloak
rCorr   .            n - +2 pair of gloves
SInv    .            (no boots)
Will    +....        x - amulet of magic regeneration
Stlth   +            D - +6 ring of strength
HPRegen 0.33/turn    h - ring of positive energy
MPRegen 0.56/turn

%: no passive effects
@: attractive, on blink cooldown, flying
A: fangs 1, strong nose, distributed training
a: Renounce Religion, Evoke Blink, Fiery Armour, Foxfire Swarm


You were on level 8 of the Dungeon.
You worshipped Ignis.
Ignis was pleased with you.
You visited 1 branch of the dungeon, and saw 8 of its levels.
You also visited: Ossuary.

You collected 775 gold pieces.
You spent 24 gold pieces at shops.

Inventory:

Hand Weapons
 a - a +3 morningstar
 b - the +6 war axe of Guikhlek (weapon) {flame, +Blink Fly Stlth-}
   (You found it on level 6 of the Dungeon)

   Fly:       It grants you flight.
   +Blink:    It lets you blink.
   Stlth-:    It makes you less stealthy.
 A - a +1 dagger of draining
 E - a +1 whip of freezing
 L - a +5 trident of freezing
 T - a +1 short sword of speed
Missiles
 t - 5 javelins (quivered)
 H - 2 poisoned darts
 U - a curare-tipped dart
Armour
 g - a +0 leather armour
 n - a +2 pair of gloves (worn)
 w - a +0 ring mail
 y - a +0 helmet (worn)
 J - a +2 leather armour of willpower (worn)
 P - a +0 cloak (worn)
Jewellery
 h - a ring of positive energy (right hand)
 x - an amulet of magic regeneration (around neck)
 D - a +6 ring of strength (left hand)
Wands
 z - a wand of iceblast (9)
 G - a wand of polymorph (8)
 K - a wand of flame (33)
 S - a wand of mindburst (20)
Scrolls
 d - 4 scrolls of fear {unknown}
 f - 7 scrolls of identify
 i - 3 scrolls of vulnerability {unknown}
 m - a scroll of poison {unknown}
 q - 3 scrolls of fog {unknown}
 r - 2 scrolls of noise {unknown}
 s - 2 scrolls of brand weapon {unknown}
 u - a scroll of acquirement {unknown}
 v - 4 scrolls of teleportation {unknown}
 B - a scroll of amnesia {unknown}
 C - 2 scrolls of revelation {unknown}
 F - 4 scrolls of immolation {unknown}
 I - a scroll of enchant armour {unknown}
 M - a scroll of enchant weapon {unknown}
 Q - a scroll of silence {unknown}
Potions
 e - 2 potions of might {unknown}
 j - 5 potions of attraction
 k - 2 potions of heal wounds {unknown}
 l - 2 potions of brilliance {unknown}
 o - 2 potions of cancellation {unknown}
 p - a potion of degeneration {unknown}
 R - a potion of ambrosia {unknown}


   Skills:
 + Level 8.6 Fighting
 + Level 5.4 Short Blades
 + Level 5.4 Long Blades
 + Level 5.4 Axes
 + Level 5.4 Maces & Flails
 + Level 8.6 Polearms
 + Level 5.4 Staves
 + Level 5.4 Ranged Weapons
 + Level 5.4 Throwing
 + Level 5.4 Armour
 + Level 5.4 Dodging
 + Level 5.4 Stealth
 + Level 5.4 Shields
 + Level 5.4 Unarmed Combat
 + Level 6.2 Spellcasting
 + Level 4.5 Conjurations
 + Level 4.5 Hexes
 + Level 4.5 Summonings
 + Level 4.5 Necromancy
 + Level 4.5 Translocations
 + Level 7.2 Fire Magic
 + Level 4.5 Ice Magic
 + Level 4.5 Air Magic
 + Level 4.5 Earth Magic
 + Level 4.5 Alchemy
 + Level 6.0 Invocations
 + Level 5.4 Evocations
 + Level 5.0 Shapeshifting


You had 15 spell levels left.
You knew the following spells:

 Your Spells              Type           Power      Damage    Failure   Level
a - Scorch                Fire           52%        2d7       1%          2
b - Foxfire               Conj/Fire      88%        2x1d8     1%          1
c - Vampiric Draining     Necr           18%        2d7       8%          3

Your spell library contained the following spells:

 Spells                   Type           Power      Damage    Failure   Level
 Sublimation of Blood     Necr           18%        N/A       3%          2
 Anguish                  Hex/Necr       9%         N/A       26%         4
 Animate Armour           Summ/Erth      36%        N/A       26%         4
 Passage of Golubria      Tloc           18%        N/A       26%         4
 Summon Lightning Spire   Summ/Air       18%        N/A       26%         4
 Lee's Rapid Deconstruct  Erth           9%         3d7*      56%         5
 Silence                  Hex/Air        9%         N/A       56%         5
 Conjure Ball Lightning   Conj/Air       9%         3x3d6     98%         6
 Discord                  Hex            9%         N/A       100%        8
 Lehudib's Crystal Spear  Conj/Erth      9%         10d4      100%        8
 Death's Door             Necr           9%         N/A       100%        9


Dungeon Overview and Level Annotations

Branches:
Dungeon (8/15)             Temple (0/1) D:5         Ossuary (visited)
   Lair: D:8-11

Altars:
Ashenzari
Gozag
Kikubaaqudgha
Sif Muna
Vehumet

Shops:
D:1 *?*=[


Innate Abilities, Weirdness & Mutations

You have very sharp teeth.
Your uncanny sense of smell can sniff out nearby items.
Your experience applies equally to all skills.


Message History

You hit the yak. You burn the yak. You bite the yak, but do no damage.
The yak is moderately wounded.
The yak gores you but does no damage.
You barely miss the yak. You bite the yak.
The yak is moderately wounded.
The yak gores you but does no damage.
You hit the yak. You burn the yak.
The yak is heavily wounded.
The yak gores you! The yak misses you.
You hit the yak. You burn the yak.
The yak is heavily wounded.
The boulder beetle curls into a ball and begins rolling!
The yak gores you but does no damage.
You slash the yak! You burn the yak.
The yak is almost dead.
The yak gores you.
You slice the yak!! You burn the yak.
You kill the yak!
Your Shapeshifting skill increases to level 5!
You hit the boulder beetle but do no damage.
The boulder beetle hits you!!!
Ouch! That really hurt!
* * * LOW HITPOINT WARNING * * *
The boulder beetle stops rolling and uncurls.
The boulder beetle barely misses you.
You blink.
The boulder beetle bites you but does no damage.
Okay, then.
Okay, then.
Okay, then.
It was a potion of attraction.
You feel attractive to monsters. The boulder beetle closely misses you.
Okay, then.
Aiming: Polymorph
Press: ? - help, Shift-Dir - straight line The boulder beetle resists with some effort.
The boulder beetle bites you!
You die...
Ignis goes out, and joins you in death.

. #.#....#. ##
#.###.#.# #. #.#
#.#.# #.# #.# #.#.#
##.# ##### ...
...... #.# #...###
#.####.......
#...B@(......
#######..###.......
#........# .......
##<#####.## .......
#.....##.# .......
#.....##.# .......
# #.....##.#
.......
#.##.....##.#
.......
#...........####


You could see a boulder beetle.

Vanquished Creatures
  Joseph (D:7)
  A wyvern (D:8)
  4 yaks (D:8)
  A steam dragon (D:8)
  An acid dragon (D:7)
  3 water moccasins
  An orc warrior (D:7)
  2 sky beasts
  An ice beast (D:5)
  An ogre (D:7)
  A centaur (D:8)
  2 phantoms
  A kobold brigand (D:8)
  Blork the orc (D:6)
  3 bullfrogs
  A weeping skull (Ossuary)
  2 elf zombies (Ossuary)
  5 scorpions
  A burial acolyte (Ossuary)
  6 wights (D:6)
  3 killer bees (D:8)
  3 howler monkeys
  2 bombardier beetles
  A human zombie (Ossuary)
  4 jellies
  Crazy Yiuf (D:7)
  4 hounds
  An orc priest (D:7)
  2 sleepcaps
  3 iguanas
  5 orc wizards
  2 mummies (Ossuary)
  A howler monkey zombie (Ossuary)
  3 gnolls (D:4)
  12 adders
  A shadow imp (D:5)
  A white imp (D:7)
  7 dart slugs
  2 ribbon worms (D:2)
  13 orcs
  9 bats
  5 endoplasms
  A giant cockroach (D:3)
  4 goblins
  9 hobgoblins
  10 jackals
  8 kobolds
  3 quokkas
  4 ball pythons
  A frilled lizard (D:3)
  An orc zombie (Ossuary)
  8 rats
173 creatures vanquished.

Vanquished Creatures (others)
  80 foxfires
80 creatures vanquished.

Grand Total: 253 creatures vanquished

Notes
Turn   | Place    | Note
-------+----------+-------------------------------------------
     0 | D:1      | 601d51SH the Gnoll Cinder Acolyte began the quest for the
                  | Orb.
     0 | D:1      | Reached XP level 1. HP: 23/23 MP: 4/4
   146 | D:1      | Reached XP level 2. HP: 24/29 MP: 5/5
   149 | D:1      | Learned a level 2 spell: Scorch
   297 | D:1      | Found a faded altar of an unknown god.
   421 | D:1      | Found Uxzyto Ohoro's Assorted Antiques.
   460 | D:1      | Found Ithub's General Store.
   552 | D:1      | Found Rijianai's Armour Emporium.
   619 | D:1      | Reached XP level 3. HP: 32/35 MP: 7/7
   743 | D:1      | Found Ilait's Jewellery Shop.
  1112 | D:1      | Found Padushru's Magic Scroll Emporium.
  1115 | D:1      | Bought a scroll of identify for 24 gold pieces
  1352 | D:2      | Reached skill level 1 in Invocations
  1420 | D:2      | Reached skill level 1 in Short Blades
  1420 | D:2      | Reached skill level 1 in Long Blades
  1420 | D:2      | Reached skill level 1 in Axes
  1420 | D:2      | Reached skill level 1 in Maces & Flails
  1420 | D:2      | Reached skill level 1 in Staves
  1420 | D:2      | Reached skill level 1 in Ranged Weapons
  1420 | D:2      | Reached skill level 1 in Throwing
  1420 | D:2      | Reached skill level 1 in Armour
  1420 | D:2      | Reached skill level 1 in Dodging
  1420 | D:2      | Reached skill level 1 in Stealth
  1420 | D:2      | Reached skill level 1 in Shields
  1420 | D:2      | Reached skill level 1 in Unarmed Combat
  1420 | D:2      | Reached skill level 1 in Evocations
  1603 | D:2      | Reached skill level 1 in Shapeshifting
  1603 | D:2      | Reached XP level 4. HP: 41/41 MP: 3/8
  1777 | D:2      | Reached skill level 1 in Conjurations
  1777 | D:2      | Reached skill level 1 in Hexes
  1777 | D:2      | Reached skill level 1 in Summonings
  1777 | D:2      | Reached skill level 1 in Necromancy
  1777 | D:2      | Reached skill level 1 in Translocations
  1777 | D:2      | Reached skill level 1 in Ice Magic
  1777 | D:2      | Reached skill level 1 in Air Magic
  1777 | D:2      | Reached skill level 1 in Earth Magic
  1777 | D:2      | Reached skill level 1 in Alchemy
  2443 | D:3      | Reached XP level 5. HP: 40/47 MP: 2/9
  2810 | D:3      | Found a shimmering blue altar of Sif Muna.
  2826 | D:3      | Found an ancient bone altar of Kikubaaqudgha.
  2843 | D:3      | Found a radiant altar of Vehumet.
  2847 | D:3      | Reached XP level 6. HP: 52/53 MP: 6/11
  3079 | D:4      | Noticed a sky beast
  3080 | D:4      | Found a sand-covered staircase.
  3095 | D:4      | Killed a sky beast
  3114 | Ossuary  | Entered an ossuary
  3114 | Ossuary  | Found a huge runed translucent gate.
  3114 | Ossuary  | Found a huge runed translucent gate.
  3114 | Ossuary  | Found a huge runed translucent gate.
  3114 | Ossuary  | Found a huge runed translucent gate.
  3114 | Ossuary  | Found a huge runed translucent gate.
  3114 | Ossuary  | Found a huge runed translucent gate.
  3114 | Ossuary  | Found a huge runed translucent gate.
  3114 | Ossuary  | Found a huge runed translucent gate.
  3147 | Ossuary  | Found a huge runed translucent gate.
  3147 | Ossuary  | Found a huge runed translucent gate.
  3147 | Ossuary  | Found a huge runed translucent gate.
  3148 | Ossuary  | Found a huge runed translucent gate.
  3148 | Ossuary  | Found a huge runed translucent gate.
  3150 | Ossuary  | Found a huge runed translucent gate.
  3150 | Ossuary  | Found a huge runed translucent gate.
  3159 | Ossuary  | Found a huge runed translucent gate.
  3159 | Ossuary  | Found a huge runed translucent gate.
  3159 | Ossuary  | Found a huge runed translucent gate.
  3159 | Ossuary  | Found a huge runed translucent gate.
  3173 | Ossuary  | Found a huge runed translucent gate.
  3173 | Ossuary  | Found a huge runed translucent gate.
  3173 | Ossuary  | Found a huge runed translucent gate.
  3175 | Ossuary  | Found a huge runed translucent gate.
  3175 | Ossuary  | Found a huge runed translucent gate.
  3176 | Ossuary  | Found a huge runed translucent gate.
  3176 | Ossuary  | Found a huge runed translucent gate.
  3177 | Ossuary  | Found a huge runed translucent gate.
  3177 | Ossuary  | Found a huge runed translucent gate.
  3194 | Ossuary  | Reached XP level 7. HP: 60/60 MP: 1/12
  3226 | Ossuary  | Found a huge runed translucent gate.
  3226 | Ossuary  | Found a huge runed translucent gate.
  3227 | Ossuary  | Found a huge runed translucent gate.
  3227 | Ossuary  | Found a huge runed translucent gate.
  3227 | Ossuary  | Found a huge runed translucent gate.
  3227 | Ossuary  | Found a huge runed translucent gate.
  3227 | Ossuary  | Found a huge runed translucent gate.
  4232 | D:4      | Reached XP level 8. HP: 67/67 MP: 7/14
  4597 | D:5      | Entered Level 5 of the Dungeon
  5227 | D:5      | Found a staircase to the Ecumenical Temple.
  5553 | D:5      | Got the Elucidation of Charming Arcane Weapons
  5557 | D:5      | Found an opulent altar of Gozag.
  5787 | D:6      | Noticed Blork the orc
  5827 | D:6      | Killed Blork the orc
  5879 | D:6      | HP: 1/65 [acid (9)]
  5942 | D:6      | Reached XP level 9. HP: 19/73 MP: 9/16
  6063 | D:6      | Reached skill level 5 in Spellcasting
  6298 | D:6      | Identified the +6 war axe of Guikhlek {flame, +Blink Fly
                  | Stlth-}
  6951 | D:7      | Found a broken altar of Ashenzari.
  7135 | D:7      | Reached skill level 5 in Invocations
  7313 | D:7      | Learned a level 1 spell: Foxfire
  7631 | D:7      | Noticed Joseph
  7643 | D:7      | Killed Joseph
  7733 | D:7      | Reached skill level 5 in Short Blades
  7733 | D:7      | Reached skill level 5 in Long Blades
  7733 | D:7      | Reached skill level 5 in Axes
  7733 | D:7      | Reached skill level 5 in Maces & Flails
  7733 | D:7      | Reached skill level 5 in Staves
  7733 | D:7      | Reached skill level 5 in Ranged Weapons
  7733 | D:7      | Reached skill level 5 in Throwing
  7733 | D:7      | Reached skill level 5 in Armour
  7733 | D:7      | Reached skill level 5 in Dodging
  7733 | D:7      | Reached skill level 5 in Stealth
  7733 | D:7      | Reached skill level 5 in Shields
  7733 | D:7      | Reached skill level 5 in Unarmed Combat
  7733 | D:7      | Reached skill level 5 in Evocations
  7733 | D:7      | Reached XP level 10. HP: 41/81 MP: 15/18
  7757 | D:7      | Got the Meditations on the Mausoleum
  7763 | D:7      | Learned a level 3 spell: Vampiric Draining
  8168 | D:7      | Found a runed translucent door.
  8169 | D:7      | Noticed Crazy Yiuf
  8174 | D:7      | Killed Crazy Yiuf
  8640 | D:8      | Noticed a boulder beetle
  9489 | D:8      | Reached skill level 5 in Shapeshifting
  9489 | D:8      | HP: 2/82 [boulder beetle (44)]
  9492 | D:8      | Mangled by a boulder beetle

Illustrated notes

Levels and vault maps discovered:
D:1:      elethiomel_arrival_maze, layout_basic, basic_ecumenical_altar,
          serial_shops, nicolae_shop_pleasant_corner_grove,
          nicolae_shop_rolled_up, shop, shop_fountains,
          nicolae_shop_advertising_works [nicolae_subvault_shop_adworks]
D:2:      layout_basic, nicolae_figureground_sparkle
D:3:      layout_loops_ring, palyth_temple_overflow_mages
D:4:      layout_layer_cave, chequers_ossuary_entry_cave
D:5:      layout_loops_ring, grunt_gozag_breadcrumbs, minmay_temple_entry_trees
D:6:      layout_gridville, st_stairs_5, uniq_blork_the_orc
D:7:      layout_loops_ring, cheibrodos_ashenzari_chains,
          uniq_crazy_yiuf_cottage, uniq_joseph
D:8:      layout_loops_ring, uniq_pikel

Skill      XL: |  1  2  3  4  5  6  7  8  9 10 |
---------------+-------------------------------+-----
Invocations    | 1 2 3 4 5 6 |  6.0
Short Blades   | 1 2 3 5 |  5.4
Long Blades    | 1 2 3 5 |  5.4
Axes           | 1 2 3 5 |  5.4
Maces & Flails | 1 2 3 5 |  5.4
Staves         | 1 2 3 5 |  5.4
Ranged Weapons | 1 2 3 5 |  5.4
Throwing       | 1 2 3 5 |  5.4
Armour         | 1 2 3 5 |  5.4
Dodging        | 1 2 3 5 |  5.4
Stealth        | 1 2 3 5 |  5.4
Shields        | 1 2 3 5 |  5.4
Unarmed Combat | 1 2 3 5 |  5.4
Evocations     | 1 2 3 5 |  5.4
Spellcasting   | 3 4 5 6 |  6.2
Shapeshifting  | 1 2 3 4 5 |  5.0
Conjurations   | 1 2 3 4 |  4.5
Hexes          | 1 2 3 4 |  4.5
Summonings     | 1 2 3 4 |  4.5
Necromancy     | 1 2 3 4 |  4.5
Translocations | 1 2 3 4 |  4.5
Ice Magic      | 1 2 3 4 |  4.5
Air Magic      | 1 2 3 4 |  4.5
Earth Magic    | 1 2 3 4 |  4.5
Alchemy        | 1 2 3 4 |  4.5
Fighting       | 7 8 |  8.6
Polearms       | 7 8 |  8.6
Fire Magic     | 6 7 |  7.2

Action                     |  1- 3 |  4- 6 |  7- 9 | 10-12 || total
---------------------------+-------+-------+-------+-------++-------
  Melee: Spear             |   112 |   116 |    40 |       ||   268
         Bite              |     5 |     6 |    21 |     6 ||    38
         Dagger            |       |       |    97 |       ||    97
         War axe           |       |       |    41 |    51 ||    92
         Trident           |       |       |     6 |       ||     6
   Cast: Scorch            |     7 |    43 |   108 |    23 ||   181
         Foxfire           |       |       |    10 |     9 ||    19
 Invoke: Foxfire Swarm     |       |       |     3 |     1 ||     4
         Fiery Armour      |       |       |     1 |     1 ||     2
         Rising Flame      |       |       |       |     1 ||     1
Ability: Evoke Blink       |       |       |       |     1 ||     1
  Evoke: Wand              |       |       |       |     1 ||     1
    Use: Potion            |       |       |       |     1 ||     1
   Stab: Sleeping          |     1 |     2 |     1 |       ||     4
 Armour: Robe              |    34 |       |       |       ||    34
         Leather armour    |    10 |    59 |   150 |    72 ||   291
         Ring mail         |       |       |    15 |     6 ||    21
  Dodge: Dodged            |    37 |    59 |   131 |    55 ||   282

Table legend: (Time is in decaauts)
 A = Elapsed time spent in this place.
 B = Non-inter-level travel time spent in this place.
 C = Inter-level travel time spent in this place.
 D = Time resting spent in this place.
 E = Time spent auto-exploring this place.
 F = Levels seen in this place.
 G = Mean time per level.
                   A        B        C        D        E       F      G
               +--------+--------+--------+--------+--------+-----+--------+
         Total |   9435 |   9015 |    420 |   2361 |   4741 |   9 | 1048.3 |
       Dungeon |   9184 |   8764 |    420 |   2294 |   4714 |   8 | 1148.0 |
       Ossuary |    251 |    251 |      0 |     67 |     27 |   1 |  251.0 |
               +--------+--------+--------+--------+--------+-----+--------+

Top non-repeatable levels by time:
     D:7: 2073 daAuts
     D:4: 1396 daAuts
     D:5: 1162 daAuts
     D:1: 1135 daAuts
     D:6: 986 daAuts
     D:2: 901 daAuts
     D:3: 840 daAuts
     D:8: 687 daAuts
 Ossuary: 251 daAuts
